Map: Triton LE

Players

PHARAH

  • Race: Protoss Protoss
  • League: Master
  • Spawn Location: 5:00

Mez - Winner!

  • Race: Terran Terran
  • League: Master
  • Spawn Location: 11:00

VOD

Have the link to the VOD?

Description

Time

  • Played on: Sept. 9, 2019, 12:09 p.m.
  • Length: 7:13
Show
View Real Time Build Order
Export as new Build Order

PHARAH Protoss 

Build Orders: 1 Gate Expand, Blink Stalkers 

Get SALT Encoding   

  12  0:00  Probe  
  13  0:13  Probe  
  14  0:17  Pylon  
  14  0:22  Probe  
  15  0:31  Probe  
  16  0:37  Gateway  
  16  0:40  Probe  
  16  0:46  Assimilator  
  17  0:52  Probe  
  19  1:04  Probe  
  19  1:16  Probe  
  20  1:26  Nexus  
  20  1:36  Cybernetics Core  
  20  1:39  Probe  
  21  1:46  Assimilator  
  21  1:52  Probe  
  22  1:56  Pylon  
  22  2:04  Stalker  
  22  2:06  Probe  
  25  2:15  Warp Gate  
  25  2:19  Probe  
  26  2:30  Twilight Council  
  26  2:31  Probe  
  26  2:34  Stalker  
  26  2:38  Probe  
  30  2:44  Probe  
  30  2:51  Probe  
  30  2:56  Probe  
  32  3:01  Sentry  
  32  3:03  Probe  
  35  3:08  Probe  
  36  3:15  Probe  
  37  3:20  Probe  
  37  3:22  Blink  
  37  3:24  Gateway  
  37  3:25  Gateway  
  38  3:32  Shield Battery  
  38  3:33  Probe  
  41  3:38  Probe  
  42  3:45  Probe  
  41  3:50  Pylon, Probe  
  42  3:57  Robotics Facility  
  42  4:02  Probe x2  
  44  4:05  Pylon  
  44  4:20  Nexus  
  44  4:31  Phoenix  
  44  4:33  Pylon, Stalker x2  
  44  4:34  Stalker  
  50  4:38  Observer  
  50  4:39  Probe x2  
  53  4:50  Pylon  
  53  4:51  Probe  
  54  4:53  Assimilator  
  54  4:56  Observer  
  55  5:00  Stalker x3  
  61  5:09  Probe  
  62  5:18  Observer, Charge  
  62  5:21  Probe  
  52  5:22  Probe  
  54  5:29  Probe  
  54  5:30  Probe  
  56  5:37  Probe  
  56  5:38  Probe  
  58  5:44  Probe  
  58  5:49  Probe x2  
  60  5:55  Phoenix  
  60  5:56  Probe  
  62  6:01  Probe  
  63  6:04  Gateway  
  63  6:07  Warp Prism  
  63  6:09  Gateway  
  63  6:11  Probe x2  
  67  6:13  Probe  
  67  6:14  Gateway  
  68  6:19  Gateway  
  68  6:22  Gateway  
  68  6:23  Probe x2  
  70  6:25  Probe  
  70  6:29  Templar Archives  
  70  6:30  Pylon  
  70  6:31  Pylon  
  71  6:35  Probe x2  
  71  6:36  Zealot x2  
  71  6:37  Zealot  
  71  6:39  Probe  
  76  7:03  Zealot  
  76  7:04  Zealot x2  
  76  7:05  Zealot x2  
Show
View Real Time Build Order
Export as new Build Order

Mez Terran - Winner!

Build Orders: Reaper Expand 

Get SALT Encoding   

  12  0:00  SCV  
  13  0:13  SCV  
  14  0:17  Supply Depot  
  14  0:25  SCV  
  15  0:38  SCV  
  15  0:41  Barracks  
  16  0:43  Refinery  
  16  0:50  SCV  
  17  1:03  SCV  
  18  1:15  SCV  
  19  1:28  Reaper  
  19  1:29  Orbital Command  
  20  1:43  Command Center  
  20  1:49  Bunker  
  20  1:54  SCV  
  20  2:00  Marine  
  22  2:05  Supply Depot  
  22  2:09  SCV  
  23  2:17  Factory  
  23  2:21  Barracks Reactor  
  23  2:29  SCV  
  24  2:39  Refinery  
  24  2:41  SCV  
  25  2:54  SCV  
  26  2:59  Orbital Command  
  26  3:00  Marine x2  
  26  3:01  Widow Mine  
  30  3:06  SCV  
  30  3:07  Starport  
  31  3:18  SCV  
  31  3:19  Marine  
  32  3:21  Marine  
  32  3:23  Widow Mine  
  32  3:25  SCV  
  37  3:30  SCV  
  38  3:37  SCV, Marine  
  38  3:39  Supply Depot, Marine  
  41  3:42  SCV  
  41  3:45  Medivac  
  41  3:46  Factory Tech Lab  
  44  3:51  SCV  
  44  3:54  SCV  
  44  3:55  Barracks  
  46  4:03  SCV  
  46  4:04  Engineering Bay  
  46  4:06  SCV  
  48  4:14  Barracks  
  48  4:16  SCV  
  49  4:17  Supply Depot  
  49  4:18  Starport Tech Lab, SCV  
  50  4:28  SCV  
  50  4:30  SCV  
  50  4:31  Marine x2  
  53  4:32  Factory Reactor  
  53  4:34  Terran Infantry Weapons Level 1  
  54  4:41  Supply Depot  
  54  4:45  Starport Reactor  
  54  4:47  SCV x2  
  54  4:50  Refinery  
  54  4:51  Marine x2  
  58  4:59  SCV x2  
  60  5:03  Stimpack  
  60  5:04  Marauder  
  62  5:07  Supply Depot  
  62  5:11  SCV x2  
  63  5:23  SCV x2  
  63  5:27  Marine  
  63  5:28  Marauder x2, Refinery, Marine, Combat Shield  
  70  5:30  Widow Mine x2, Medivac  
  70  5:33  Supply Depot  
  77  5:35  SCV  
  77  5:36  SCV  
  79  5:43  Medivac  
  79  5:45  Marine  
  82  5:55  Widow Mine  
  82  5:56  Widow Mine  
  86  5:59  Marauder x2, Marine  
  86  6:02  Command Center  
  86  6:04  Supply Depot  
  91  6:15  Barracks x2  
  91  6:17  Supply Depot  
  91  6:20  Medivac  
  91  6:25  Medivac  
  97  6:26  Widow Mine x2  
  97  6:30  Supply Depot  
  99  6:42  Marauder x2, Marine  
  99  6:45  SCV x2  
  108  6:57  SCV x2  
Tags
 
Add a new tag
Caveats
  • Supply blocks, unpowered buildings, or Contaminate may cause inaccurate times.
  • Supply counts are checked every 10 seconds.